 Dungeon Crawl Stone Soup version 0.27-a0-1188-g73eefd5def (webtiles) character file.

Game seed: 1958871771593851369

26 Hasart the Skirmisher (level 2, -3/24 HPs)
             Began as a Demonspawn Fighter on May 20, 2021.
             Was a Follower of Okawaru.
             Killed from afar by Sigmund (6 damage)
             ... with a puff of flame
             ... on level 2 of the Dungeon.
             The game lasted 00:02:17 (1131 turns).

Hasart the Skirmisher (Demonspawn Fighter)          Turns: 1131, Time: 00:02:17

Health: -3/24      AC:  6    Str: 16    XL:     2   Next: 89%
Magic:  0/2        EV:  6    Int:  9    God:    Okawaru [*.....]
Gold:   18         SH:  8    Dex: 12    Spells: 1/1 levels left

rFire    . . .     SeeInvis .     - Unarmed
rCold    . . .     Faith    .   c - +0 kite shield
rNeg     . . .     Spirit   .   b - +0 scale mail
rPois    .         Reflect  .   (no helmet)
rElec    .         Harm     .   (no cloak)
rCorr    .         Rampage  .   (no gloves)
Will     .....                  (no boots)
Stlth    ..........             (no amulet)
HPRegen  0.08/turn              (no ring)
MPRegen  0.08/turn              (no ring)

@: mighty
A: claws 1
a: Renounce Religion, Heroism


You were on level 2 of the Dungeon.
You worshipped Okawaru.
Okawaru was aware of your devotion.
You visited 1 branch of the dungeon, and saw 2 of its levels.

You collected 18 gold pieces.

Inventory:

Missiles
 e - 2 javelins (quivered)
Armour
 b - a +0 scale mail (worn)
 c - a +0 kite shield (worn)
Scrolls
 a - a scroll of blinking {unknown}
 g - a scroll of holy word {unknown}
Potions
 f - a potion of curing {unknown}


   Skills:
 + Level 3.4 Fighting
 - Level 2.4 Axes
 - Level 2.6 Armour
 - Level 2.6 Shields
 * Level 1.0 Unarmed Combat


You had one spell level left.
You didn't know any spells.
Your spell library was empty.

Dungeon Overview and Level Annotations

Branches:
Dungeon (2/15)

Altars:
Okawaru

Shops:
D:1 [

Annotations:
D:2 Sigmund


Innate Abilities, Weirdness & Mutations

You have sharp fingernails.


Message History

The magic dart hits you. The frilled lizard misses you.
Unknown command.
You scratch Sigmund.
Sigmund is lightly wounded.
You block Sigmund's attack.
The frilled lizard bites you but does no damage.
Unknown command.
You claw Sigmund!
Sigmund is heavily wounded.
Sigmund closely misses you. You block the frilled lizard's attack.
Unknown command.
You scratch Sigmund.
Sigmund is heavily wounded.
Sigmund hits you with a +0 scythe!
* * * LOW HITPOINT WARNING * * *
The frilled lizard bites you but does no damage.
Unknown command.
You barely miss Sigmund.
Sigmund is heavily wounded.
Sigmund laughs darkly.
You block Sigmund's attack.
The frilled lizard bites you but does no damage.
Unknown command.
Your scale mail prevents you from hitting Sigmund.
Sigmund is heavily wounded.
You block Sigmund's attack. You block the frilled lizard's attack.
Unknown command.
You barely miss Sigmund.
Sigmund is heavily wounded.
Sigmund hits you but does no damage.
The frilled lizard bites you but does no damage.
Unknown command.
You claw Sigmund!
Sigmund is almost dead.
You feel like a meek peon again. Sigmund barely misses you.
The frilled lizard bites you but does no damage.
Sigmund gestures at you while chanting. The puff of flame hits you.
You die...

#.#.####.....#..
#######.#.##....<..>..
...............>......
###.##.#.#...........
#######.##.#.#...........
##..........#.............
.........######.##+#.##.##
#.####........... ...#.#
#......l@........ ..#
#####..@######.#.. ##..#
... ...............
######......l.. #.........
#.....#... #.....# ..
#..#+.. .


You could see Sigmund and a frilled lizard.

Vanquished Creatures
  A dart slug (D:2)
  2 endoplasms
  A giant cockroach (D:1)
  A goblin (D:1)
  2 hobgoblins (D:1)
  3 jackals (D:1)
  2 kobolds (D:1)
  A ball python (D:1)
  5 bats (D:1)
  4 frilled lizards
  2 rats
24 creatures vanquished.

Notes
Turn   | Place    | Note
-------+----------+-------------------------------------------
     0 | D:1      | Hasart the Demonspawn Fighter began the quest for the Orb.
     0 | D:1      | Reached XP level 1. HP: 18/18 MP: 1/1
   117 | D:1      | Gained mutation: You have sharp fingernails. [demonic
                  | ancestry]
   117 | D:1      | Reached XP level 2. HP: 14/24 MP: 2/2
   460 | D:1      | Found a faded altar of an unknown god.
   486 | D:1      | Became a worshipper of Warmaster Okawaru
   486 | D:1      | Reached * piety under Okawaru
   564 | D:1      | Found Yshrix's Antique Armour Boutique.
   885 | D:2      | Reached skill level 1 in Unarmed Combat
  1114 | D:2      | Noticed Sigmund
  1131 | D:2      | Killed from afar by Sigmund

Illustrated notes

Levels and vault maps discovered:
D:1:      dpeg_arrival_rooms_with_view, layout_rooms, serial_shops,
          shop_fountains, hellmonk_ecumenical_altar_crossroads,
          solitary_fountain
D:2:      layout_basic, basic_altar, uniq_sigmund

Skill      XL: |  1  2 |
---------------+-------+-----
Axes           | 2 |  2.4
Unarmed Combat | 1 |  1.0
Fighting       | |  3.4
Armour         | |  2.6
Shields        | |  2.6

Action                   || total
-------------------------++-------
Melee: War axe           ||    39
       Unarmed           ||    67
Invok: Heroism           ||     1
  Use: Potion            ||     1
Armor: Scale mail        ||    75
Dodge: Dodged            ||    48
Block: Kite shield       ||    68

Table legend: (Time is in decaauts)
 A = Elapsed time spent in this place.
 B = Non-inter-level travel time spent in this place.
 C = Inter-level travel time spent in this place.
 D = Time resting spent in this place.
 E = Time spent auto-exploring this place.
 F = Levels seen in this place.
 G = Mean time per level.
                   A        B        C        D        E       F      G
               +--------+--------+--------+--------+--------+-----+--------+
         Total |   1170 |   1141 |     29 |      0 |    859 |   2 |  585.0 |
       Dungeon |   1170 |   1141 |     29 |      0 |    859 |   2 |  585.0 |
               +--------+--------+--------+--------+--------+-----+--------+

Top non-repeatable levels by time:
     D:1: 798 daAuts
     D:2: 371 daAuts
